 Dungeon Crawl Stone Soup version 0.31-a0-1074-g0b22e4e0f1 (webtiles) character file.

Game seed: 81482820443915606

1673 BigPumpCobain the Spear-Bearer (level 8, -4/71 HPs)
             Began as a Minotaur Fighter on Dec 8, 2023.
             Was a Follower of Qazlal.
             Succumbed to a hornet's poison
             ... on level 8 of the Dungeon.
             The game lasted 00:06:27 (3527 turns).

BigPumpCobain the Spear-Bearer (Minotaur Fighter)   Turns: 3527, Time: 00:06:28

Health: -4/71      AC: 14    Str: 23    XL:     8   Next: 70%
Magic:  7/7        EV:  6    Int:  5    God:    Qazlal [*.....]
Gold:   279        SH:  7    Dex: 10    Spells: 7/7 levels left

rFire   . . .        a - +0 trident
rCold   . . .        c - +0 buckler
rNeg    . . .        v - +0 plate armour
rPois   .            (helmet restricted)
rElec   .            g - +0 cloak
rCorr   +            (no gloves)
SInv    .            (no boots)
Will    .....        (no amulet) Stlth
                     w - ring of resist corrosion
HPRegen 0.31/turn    (no ring)
MPRegen 0.10/turn

%: no passive effects
@: lethally poisoned (-4 -> -29), slowed, very slow
A: horns 2, retaliatory headbutt
a: Renounce Religion


You were on level 8 of the Dungeon.
You worshipped Qazlal.
Qazlal was aware of your devotion.
You visited 1 branch of the dungeon, and saw 7 of its levels.

You collected 279 gold pieces.

Inventory:

Hand Weapons
 a - a +0 trident (weapon)
 r - a +2 whip of flaming
 t - a +0 glaive
Missiles
 s - 5 poisoned darts
Armour
 b - a +0 scale mail
 c - a +0 buckler (worn)
 g - a +0 cloak (worn)
 v - a +0 plate armour (worn)
Jewellery
 w - a ring of resist corrosion (left hand)
Wands
 q - a wand of paralysis (6)
Scrolls
 j - a scroll of torment
 k - 3 scrolls of teleportation
 l - a scroll of enchant weapon
Potions
 d - a potion of might
 e - 2 potions of brilliance {unknown}
 f - a potion of ambrosia {unknown}
 h - a potion of magic {unknown}
 i - a potion of degeneration {unknown}
 m - a potion of curing {unknown}
 n - a potion of cancellation {unknown}
 o - 3 potions of enlightenment {unknown}
 p - a potion of attraction {unknown}
 u - a potion of lignification {unknown}


   Skills:
 + Level 6.9 Fighting
 * Level 8.8 Polearms
 + Level 7.0 Armour
 + Level 6.9 Shields


You had 7 spell levels left.
You didn't know any spells.
Your spell library contained the following spells:

 Spells                   Type           Power      Damage    Failure   Level
 Blink                    Tloc           0%         N/A       100%        2
 Lesser Beckoning         Tloc           0%         N/A       100%        2
 Momentum Strike          Conj/Tloc      0%         3d8       100%        2


Dungeon Overview and Level Annotations

Branches:
Dungeon (6/15)             Temple (0/1) D:4

Altars:
Cheibriados
Dithmenos
Qazlal
Ru
Sif Muna
Uskayaw
Yredelemnul
Jiyva


Innate Abilities, Weirdness & Mutations

You have a pair of horns on your head.
You reflexively headbutt those who attack you in melee.


Message History

You feel as though you will be slow longer.
The hornet closely misses you.
You puncture the hornet!
The hornet is severely wounded.
You feel extremely sick. The hornet stings you.
You feel as though you will be slow longer.
The hornet stings you.
You are more poisoned.
You feel as though you will be slow longer.
You are too injured to fight recklessly!
You are too injured to fight recklessly!
You are too injured to fight recklessly!
You are too injured to fight recklessly!
You are too injured to fight recklessly!
You are too injured to fight recklessly!
You are too injured to fight recklessly!
You are too injured to fight recklessly!
You are too injured to fight recklessly!
You are too injured to fight recklessly!
You hit the hornet.
The hornet is almost dead.
* * * LOW HITPOINT WARNING * * *
You feel extremely sick.
The hornet stings you but does no damage.
The hornet stings you.
* * * LOW HITPOINT WARNING * * *
You feel as though you will be slow longer.
You miss the hornet.
The hornet is almost dead.
* * * LOW HITPOINT WARNING * * *
You feel very sick. The hornet stings you!
* * * LOW HITPOINT WARNING * * *
You are more poisoned.
You feel as though you will be slow longer.
You block the hornet's attack.
You barely miss the hornet.
The hornet is severely wounded.
You die...

#..#...#..........#..##...##...##
####...##.............#.........#
#...##.......................#
##..#........##...............
#.##...........#..###........ ##
#..#.##.....##.# #........
##.###.........#..........
##.#....##y...............
#....###.@#...............
#.........#......##.....##
##....##.....##........###
##.#..###..............#..
##....## ####.......#...#..
#.....## #####.#......##..
##......####..#.............
#....##...##...........#....
#..######..#.........#....##


You could see a hornet.

Vanquished Creatures
  Pikel (D:6)
  A water moccasin (D:6)
  2 orc warriors
  A black bear (D:8)
  An ice beast (D:5)
  An ogre (D:5)
  A phantom (D:4)
  A bullfrog (D:8)
  A howler monkey (D:8)
  An orc priest (D:4)
  6 jellies
  3 iguanas
  A gnoll (D:1)
  9 adders
  A river rat (D:5)
  4 worms
  2 dart slugs
  9 orcs
  2 bats (D:1)
  4 endoplasms
  2 giant cockroaches (D:1)
  8 goblins
  7 hobgoblins
  2 quokkas
  6 ball pythons
  A frilled lizard (D:1)
  7 kobolds
  6 rats
91 creatures vanquished.

Notes
Turn   | Place    | Note
-------+----------+-------------------------------------------
     0 | D:1      | BigPumpCobain the Minotaur Fighter began the quest for the
                  | Orb.
     0 | D:1      | Reached XP level 1. HP: 19/19 MP: 0/0
    90 | D:1      | Reached XP level 2. HP: 27/27 MP: 1/1
   164 | D:1      | Reached skill level 3 in Polearms
   368 | D:1      | Reached XP level 3. HP: 33/33 MP: 2/2
   726 | D:2      | Found a basalt altar of Yredelemnul.
   959 | D:2      | Reached XP level 4. HP: 37/40 MP: 3/3
  1260 | D:3      | Reached skill level 4 in Polearms
  1574 | D:4      | Noticed an orc warrior
  1589 | D:5      | Entered Level 5 of the Dungeon
  1691 | D:4      | Reached XP level 5. HP: 47/47 MP: 4/4
  1736 | D:4      | Killed an orc warrior
  1737 | D:4      | Reached skill level 5 in Polearms
  1740 | D:4      | Reached XP level 6. HP: 44/55 MP: 5/5
  1886 | D:4      | Found a staircase to the Ecumenical Temple.
  1894 | D:4      | Found a stormy altar of Qazlal.
  1895 | D:4      | Found a shimmering blue altar of Sif Muna.
  1905 | D:4      | Found a shadowy altar of Dithmenos.
  1909 | D:4      | Became a worshipper of Qazlal Stormbringer
  1913 | D:4      | Found a sacrificial altar of Ru.
  1964 | D:4      | Reached skill level 5 in Fighting
  1964 | D:4      | Reached skill level 5 in Armour
  1964 | D:4      | Reached skill level 5 in Shields
  1980 | D:4      | Found a snail-covered altar of Cheibriados.
  2291 | D:5      | Noticed an ice beast
  2307 | D:5      | Killed an ice beast
  2308 | D:5      | Reached skill level 6 in Polearms
  2310 | D:5      | Reached XP level 7. HP: 61/61 MP: 6/6
  2363 | D:5      | Found a hide-covered altar of Uskayaw.
  3002 | D:6      | Reached * piety under Qazlal
  3014 | D:6      | Noticed Pikel
  3020 | D:6      | Paralysed by Pikel for 2 turns
  3026 | D:6      | Paralysed by Pikel for 5 turns
  3034 | D:6      | Killed Pikel
  3035 | D:6      | Reached skill level 7 in Polearms
  3035 | D:6      | Reached XP level 8. HP: 55/70 MP: 7/7
  3099 | D:6      | You fall into a shaft and drop 2 floors!
  3157 | D:8      | Reached skill level 8 in Polearms
  3243 | D:8      | Found a viscous altar of Jiyva.
  3516 | D:8      | Noticed a hornet
  3526 | D:8      | HP: 2/71 [hornet (7)]
  3527 | D:8      | Succumbed to a hornet's poison

Illustrated notes

Levels and vault maps discovered:
D:1:      minmay_arrival_radiant_lines, layout_rooms,
          amcnicky_mini_rare_corridor_liquid
D:2:      layout_basic, basic_altar
D:3:      layout_basic
D:4:      layout_cave_pools, slow_altar_1,
          nicolae_overflow_macrodata_refinement, minmay_temple_entry_crystal_x,
          kennysheep_another_room, chequers_garden
D:5:      layout_basic, nicolae_uskayaw_murder_on_the_dancefloor,
          chequers_ossuary_entry_cave, lightli_sewer_entry_pipes
D:6:      layout_loops_ring, kennysheep_little_box, serial_bayou_pond_e,
          uniq_pikel, uniq_maggie
D:8:      layout_cave_pools, old_standard_altar, jiyva_altar_1

Skill      XL: |  1  2  3  4  5  6  7  8 |
---------------+-------------------------+-----
Polearms       | 3 4 5 6 7 8 |  8.8
Shields        | 4 5 6 |  6.9
Fighting       | 4 5 6 |  6.9
Armour         | 4 5 6 7 |  7.0

Action                     |  1- 3 |  4- 6 |  7- 9 || total
---------------------------+-------+-------+-------++-------
  Melee: Trident           |    70 |   109 |   113 ||   292
         Headbutt          |    10 |    14 |    15 ||    39
    Use: Potion            |       |     1 |       ||     1
         Scroll            |       |     4 |       ||     4
 Armour: Scale mail        |    24 |    45 |    41 ||   110
         Plate armour      |       |       |     9 ||     9
  Dodge: Dodged            |    18 |    24 |    30 ||    72
  Block: Buckler           |    11 |    19 |    16 ||    46

Table legend: (Time is in decaauts)
 A = Elapsed time spent in this place.
 B = Non-inter-level travel time spent in this place.
 C = Inter-level travel time spent in this place.
 D = Time resting spent in this place.
 E = Time spent auto-exploring this place.
 F = Levels seen in this place.
 G = Mean time per level.
                   A        B        C        D        E       F      G
               +--------+--------+--------+--------+--------+-----+--------+
         Total |   3582 |   3419 |    163 |     94 |   2628 |   7 |  511.7 |
       Dungeon |   3582 |   3419 |    163 |     94 |   2628 |   7 |  511.7 |
               +--------+--------+--------+--------+--------+-----+--------+

Top non-repeatable levels by time:
     D:5: 989 daAuts
     D:2: 637 daAuts
     D:4: 535 daAuts
     D:1: 493 daAuts
     D:8: 424 daAuts
     D:3: 388 daAuts
     D:6: 111 daAuts
